 Dungeon Crawl Stone Soup version 0.32-a0-705-g60f233581c (webtiles) character file.

Game seed: 1099420317880954975

112884 shadizar the Eclecticist (level 17, -4/119 HPs)
             Began as a Djinni Conjurer on Mar 14, 2024.
             Was the Champion of Makhleb.
             Slain by a +2 trident of venom (14 damage)
             ... on level 2 of the Elven Halls.
             The game lasted 00:39:39 (18303 turns).

shadizar the Eclecticist (Djinni Conjurer)         Turns: 18303, Time: 00:39:41

Health: -4/119     AC: 10    Str:  6    XL:     17   Next: 16%
Gold:   1238       EV: 17    Int: 32    God:    Makhleb [******] SH:  0 Dex: 14

rFire   + + .        t - staff of earth
rCold   . . .        (no shield)
rNeg    + . .        y - +1 robe of Vines {NoPotionHeal Regen++++}
rPois   ∞            J - +1 helmet
rElec   .            G - +1 cloak
rCorr   .            N - +0 pair of gloves
SInv    .            (boots unavailable)
Will    +++++        O - amulet of the Four Winds {rN+ Will+++ Clar}
Stlth   +++          S - ring "Hoiloes" {+Blink rC+}
HPRegen 3.59/turn    U - ring of the Lily {Will+ Int+6 Slay+3 Stlth+}
MPRegen 0.00/turn

%: clarity, infuse magic (-5 HP)
@: flying
A: sickness immunity, fire resistance 2, cold vulnerability 1, float, innate
caster, HP casting, extra vitality 1
a: Renounce Religion, Evoke Blink, Minor Destruction, Lesser Servant of Makhleb,
Major Destruction, Greater Servant of Makhleb


You were on level 2 of the Elven Halls.
You worshipped Makhleb.
Makhleb was exalted by your worship.
You visited 5 branches of the dungeon, and saw 22 of its levels.
You also visited: Gauntlet.

You collected 2206 gold pieces.
You spent 968 gold pieces at shops.

Inventory:

Missiles
 V - 8 silver javelins
Armour
 a - +0 steam dragon scales
 b - the orb of Compression {*channel, Harm SInv}
   (You acquired it on level 7 of the Dungeon)

   SInv:      It lets you see invisible.
   Harm:      It increases damage dealt and taken.
 r - the +1 ring mail "Luulyep" {rF+ rC++ Str+4}
   (You found it on level 11 of the Dungeon)

   Str+4:     It affects your strength (+4).
   rF+:       It protects you from fire.
   rC++:      It greatly protects you from cold.
 y - the +1 robe of Vines (worn) {NoPotionHeal Regen++++}
   (You found it on level 8 of the Dungeon)

   NoPotionHeal: Its wearer cannot be healed by potions.
   Regen++++: It increases your rate of health regeneration.
 E - a +2 robe of willpower
 G - a +1 cloak (worn)
 J - a +1 helmet (worn)
 L - the +1 robe of Cybru {Fly rC+ rN+++ Int-5}
   (You found it on level 1 of the Elven Halls)

   Int-5:     It affects your intelligence (-5).
   rC+:       It protects you from cold.
   rN+++:     It renders you almost immune to negative energy.
   Fly:       It grants you flight.
 N - a +0 pair of gloves (worn)
Magical Staves
 t - a staff of earth (weapon)
 I - a staff of cold
Jewellery
 f - a ring of wizardry
 g - a ring of positive energy
 q - a +4 ring of protection
 w - the ring "Asmy Naeble" {Wiz Str+4 Int+4}
   (You bought it in a shop on level 2 of the Orcish Mines)

   [ring of wizardry]

   Wiz:       It improves your spell success rate.
   Str+4:     It affects your strength (+4).
   Int+4:     It affects your intelligence (+4).
 F - a +5 ring of evasion
 K - the amulet "Xogres" {Acrobat Harm rElec rCorr Int-4}
   (You found it on level 1 of the Elven Halls)

   [amulet of the acrobat]

   Acrobat:   It increases your evasion while moving and waiting.
   Int-4:     It affects your intelligence (-4).
   rElec:     It insulates you from electricity.
   rCorr:     It protects you from acid and corrosion.
   Harm:      It increases damage dealt and taken.
 O - the amulet of the Four Winds (around neck) {rN+ Will+++ Clar}
   (You found it in a Gauntlet)

   [amulet of nothing]

   rN+:       It protects you from negative energy.
   Will+++:   It greatly increases your willpower.
   Clar:      It protects you from confusion, rage, mesmerisation and fear.
 S - the ring "Hoiloes" (left hand) {+Blink rC+}
   (You found it in a Gauntlet)

   [ring of protection from cold]

   rC+:       It protects you from cold.
   +Blink:    It lets you blink.
 U - the ring of the Lily (right hand) {Will+ Int+6 Slay+3 Stlth+}
   (You found it in a Gauntlet)

   [ring of intelligence]

   Int+6:     It affects your intelligence (+6).
   Slay+3:    It affects your accuracy & damage with ranged weapons and melee
   (+3).
   Will+:     It increases your willpower.
   Stlth+:    It makes you more stealthy.
Wands
 s - a wand of flame (42)
 x - a wand of mindburst (2)
 A - a wand of charming (20)
 B - a wand of digging (7)
 D - a wand of warping (8)
Scrolls
 c - a scroll of fear
 d - 5 scrolls of identify
 e - a scroll of enchant armour
 h - 17 scrolls of teleportation
 k - 4 scrolls of poison
 l - 2 scrolls of revelation
 n - a scroll of fog
 H - a scroll of silence
Potions
 i - a potion of resistance
 j - 9 potions of ambrosia
 m - 9 potions of curing
 o - a potion of haste {unknown}
 p - 6 potions of brilliance
 u - 10 potions of heal wounds
 v - 3 potions of berserk rage
 z - a potion of degeneration {unknown}
 C - 2 potions of mutation
 Q - a potion of lignification
Miscellaneous
 M - a tin of tremorstones (2/2)
 P - a sack of spiders
 R - a phantom mirror
 T - a phial of floods


   Skills:
 - Level 10.1 Fighting
 - Level 10.4 Armour
 - Level 12.0 Dodging
 - Level 2.0 Stealth
 + Level 18.6 Spellcasting
 + Level 18.6 Conjurations
 + Level 18.6 Hexes
   Level 0.0 Charms
 + Level 18.6 Summonings
 + Level 18.6 Necromancy
 + Level 18.6 Translocations
   Level 0.0 Transmutations
 + Level 18.6 Fire Magic
 + Level 18.6 Ice Magic
 + Level 18.6 Air Magic
 + Level 18.6 Earth Magic
 + Level 18.6 Alchemy


You knew the following spells:

 Your Spells              Type           Power      Damage    Failure   Level
a - Magic Dart            Conj           100%       1d8       0%          1
b - Searing Ray           Conj           100%       2d8       0%          2
c - Fulminant Prism       Conj/Alch      49%        3d21      0%          4
d - Iskenderun's Mystic   Conj/Tloc      99%        2d19      0%          4
e - Apportation           Tloc           100%       N/A       0%          1
f - Blink                 Tloc           100%       N/A       0%          2
g - Teleport Other        Tloc           99%        N/A       0%          3
h - Summon Blazeheart Go  Fire/Summ      99%        N/A       0%          4
i - Curse of Agony        Necr           99%        N/A       0%          5
j - Metabolic Englaciati  Hex/Ice        49%        N/A       0%          5
k - Bombard               Conj/Erth      61%        9d10      1%          6
l - Dispersal             Tloc           49%        N/A       1%          6
Your spell library was empty.

Dungeon Overview and Level Annotations

Branches:
Dungeon (12/15)            Temple (1/1) D:5            Lair (5/5) D:8
 Shoals (0/4) Lair:2       Spider (0/4) Lair:2        Slime (0/5) Lair:4
    Orc (2/2) D:10            Elf (2/3) Orc:2       Gauntlet (visited)

Altars:
Ashenzari
Cheibriados
Dithmenos
Elyvilon
Fedhas
Gozag
Hepliaklqana
Makhleb
Nemelex Xobeh
Okawaru
Qazlal
Ru
Trog
Uskayaw
Wu Jian
Xom
Yredelemnul
Zin
The Shining One
Jiyva

Shops:
Orc:2 (*(?=*!   Elf:2 =

Annotations:
Lair:3 exclusion: oklob plant
Lair:4 exclusion: 3 oklob plants
Lair:5 1 runed translucent door, Riskot's ghost, journeyman OpAl


Innate Abilities, Weirdness & Mutations

You are immune to sickness and miasma.
You are immune to poison.
Your flesh is very heat resistant. (rF++)
You are vulnerable to cold. (rC-)
You float through the air rather than walking.
You learn spells naturally, not from books.
Your magical power is your life essence.
You have superior vitality. (+4 MHP)


Message History

Confirm with . or Enter, or press ? or * to list all spells.
You can't see any susceptible monsters within range! (Use Z to cast anyway.) Unknown command.
A deep elf zephyrmancer comes into view.
It is wielding a +0 short sword.
Casting: Iskenderun's Mystic Blast (safe; 0% risk of failure)
Confirm with . or Enter, or press ? or * to list all spells.
You erupt in a blast of force!
The mystic blast hits the deep elf zephyrmancer!
The deep elf zephyrmancer is lightly wounded.
The deep elf zephyrmancer is knocked back by the mystic blast.
A +2 trident of venom comes into view.
The deep elf zephyrmancer points at you and mumbles some strange words.
The bolt of lightning hits you!!
Unknown command.
A +1 long sword of freezing comes into view.
The deep elf zephyrmancer gestures wildly while chanting.
The deep elf zephyrmancer blinks!
A deep elf knight comes into view. It is wielding a +0 long sword.
A +4 war axe of freezing comes into view.
The deep elf knight casts a spell.
The deep elf knight seems to speed up.
The +1 long sword of freezing hits you!
The +1 long sword of freezing freezes you.
The +1 long sword of freezing barely misses you.
A deep elf knight comes into view.
The +2 trident of venom hits you from afar.
The +1 long sword of freezing hits you!
The +1 long sword of freezing freezes you.
* * * LOW HITPOINT WARNING * * *
You see here a +2 mace of draining.
Unknown command.
Okay, then.
Okay, then.
Okay, then.
The +1 long sword of freezing attacks as it pursues you!
The +1 long sword of freezing hits you but does no damage.
The deep elf zephyrmancer gestures at you while chanting.
The bolt of lightning hits you!!
* * * LOW HITPOINT WARNING * * *
The +2 trident of venom hits you from afar!
You die...

..........#.............#
..........#####.....#####
..........# #.....#
..........# #.....#
'.......### ##...##
###...### #...# # #####
#...# ##.## #@''#
######(..######
#.....().)....#
..#...........#.
...#...(.....#..
....#..(e...#...
...e#.....#....
......#.).#..e..
.......###......


You could see 2 deep elf knights, a deep elf zephyrmancer and 4 dancing weapons.

Vanquished Creatures
  Jorgrun (Orc:1)
  Rupert (Orc:2)
  Nessos (Lair:3)
  A deep elf death mage (Elf:1)
  A deep elf annihilator (Elf:1)
  A dire elephant (Lair:3)
  A minotaur (Gauntlet)
  Fannar (Lair:2)
  A deep elf high priest (Elf:1)
  Harold (D:9)
  5 hydras
  Erolcha (Orc:1)
  2 boulder beetles
  3 two-headed ogres
  A catoblepas (Lair:5)
  9 dancing weapons
  5 death yaks
  Urug (Lair:2)
  2 orc high priests (Orc:2)
  10 deep elf knights
  2 skysharks
  A goliath frog (Lair:5)
  Pikel (D:5)
  3 orc knights
  5 harpies (Lair:2)
  8 deep elf archers (Elf:1)
  2 thermic dynamos (Elf:1)
  15 deep elf pyromancers
  12 deep elf zephyrmancers
  A wolf spider (Lair:2)
  An ugly thing (D:12)
  5 orc sorcerers (Orc:2)
  A manticore (D:12)
  Maurice (D:9)
  A cyclops (D:12)
  A worldbinder (Gauntlet)
  34 elephants
  3 meliai (Lair:4)
  7 black mambas
  A kobold demonologist (D:11)
  A torpor snail (Lair:5)
  A gargoyle (D:12)
  Jeremiah (D:8)
  13 cane toads
  Maggie (D:6)
  2 rime drakes (Lair:3)
  9 komodo dragons
  2 queen bees
  3 tyrant leeches (Lair:5)
  8 trolls
  4 hornets
  25 blink frogs
  3 air elementals (Elf:1)
  A culicivora (Lair:2)
  11 slime creatures (D:12)
  4 shadows (Gauntlet)
  A spriggan (Lair:3)
  3 wraiths
  30 yaks
  2 vampires
  A fire elemental (Elf:1)
  2 water elementals
  3 wyverns
  2 basilisks (Lair:4)
  3 steam dragons
  2 wargs
  Menkaure (D:5)
  5 vampire mosquitoes (Lair:5)
  3 acid dragons
  7 water moccasins
  Duvessa (D:5)
  A water moccasin (shapeshifter) (Elf:1)
  21 orc warriors
  2 ice beasts
  3 boggarts (Gauntlet)
  3 ogres (Orc:1)
  39 wolves
  A centaur (D:7)
  9 kobold brigands
  15 bullfrogs
  Blork the orc (D:5)
  5 earth elementals
  A scorpion (D:5)
  17 wights
  Dowan (D:5)
  39 killer bees
  An electric eel (Lair:5)
  A bombardier beetle (D:6)
  A hound (D:5)
  4 gnoll boudas
  28 orc priests
  A jelly (D:5)
  Natasha (D:4)
  39 orc wizards
  14 gnolls
  2 adders
  2 shadow imps (D:4)
  5 white imps
  2 ufetubi (D:4)
  3 dart slugs
  A ribbon worm (D:3)
  67 orcs
  6 ball pythons
  3 endoplasms
  7 goblins
  6 hobgoblins
  5 jackals
  2 quokkas
  14 bats
  A frilled lizard (D:1)
  13 kobolds
  5 rats
701 creatures vanquished.

Vanquished Creatures (collateral kills)
  A boulder beetle (D:9)
1 creature vanquished.

Vanquished Creatures (others)
  An elephant (Lair:5)
  An orc wizard (Orc:2)
  A blazeheart core (Lair:2)
  49 fulminant prisms
52 creatures vanquished.

Grand Total: 754 creatures vanquished

Notes
Turn   | Place    | Note
-------+----------+-------------------------------------------
     0 | D:1      | shadizar the Djinni Conjurer began the quest for the Orb.
     0 | D:1      | shadizar set off with the following spells memorised: Magic
                  | Dart, Searing Ray, Fulminant Prism, Iskenderun's Mystic
                  | Blast.
     0 | D:1      | Reached XP level 1. HP: 15/15 MP: 0/0
   125 | D:1      | Reached XP level 2. HP: 16/21 MP: 0/0
   405 | D:1      | Reached XP level 3. HP: 14/25 MP: 0/0
   405 | D:1      | Learned a level 1 spell: Apportation
   473 | D:1      | You are sucked into a shaft and drop 1 floor!
  1001 | D:3      | Reached XP level 4. HP: 3/31 MP: 0/0
  1418 | D:2      | Found a basalt altar of Yredelemnul.
  2042 | D:3      | Reached XP level 5. HP: 29/35 MP: 0/0
  2042 | D:3      | Learned a level 2 spell: Blink
  2089 | D:3      | Found a faded altar of an unknown god.
  2131 | D:3      | Reached skill level 5 in Spellcasting
  2131 | D:3      | Reached skill level 5 in Conjurations
  2131 | D:3      | Reached skill level 5 in Hexes
  2131 | D:3      | Reached skill level 5 in Summonings
  2131 | D:3      | Reached skill level 5 in Necromancy
  2131 | D:3      | Reached skill level 5 in Translocations
  2131 | D:3      | Reached skill level 5 in Fire Magic
  2131 | D:3      | Reached skill level 5 in Ice Magic
  2131 | D:3      | Reached skill level 5 in Air Magic
  2131 | D:3      | Reached skill level 5 in Earth Magic
  2131 | D:3      | Reached skill level 5 in Alchemy
  2632 | D:4      | Reached XP level 6. HP: 17/40 MP: 0/0
  2973 | D:4      | Noticed Natasha
  2977 | D:4      | Killed Natasha
  3053 | D:5      | Entered Level 5 of the Dungeon
  3053 | D:5      | Noticed Blork the orc
  3059 | D:5      | Killed Blork the orc
  3133 | D:5      | Noticed Menkaure
  3139 | D:5      | Killed Menkaure
  3140 | D:5      | Reached skill level 1 in Fighting
  3140 | D:5      | Reached XP level 7. HP: 6/48 MP: 0/0
  3140 | D:5      | Learned a level 3 spell: Teleport Other
  3301 | D:5      | Noticed Duvessa
  3306 | D:5      | Noticed Dowan
  3310 | D:5      | Killed Dowan
  3315 | D:5      | Killed Duvessa
  3544 | D:5      | Noticed a vampire
  3740 | D:5      | Found a staircase to the Ecumenical Temple.
  3761 | D:5      | Killed a vampire
  3762 | D:5      | Reached XP level 8. HP: 29/56 MP: 0/0
  3769 | Temple   | Entered the Ecumenical Temple
  3884 | Temple   | Became a worshipper of Makhleb the Destroyer
  4300 | D:5      | Noticed Pikel
  4306 | D:5      | Killed Pikel
  4307 | D:5      | Reached XP level 9. HP: 47/63 MP: 0/0
  4307 | D:5      | Learned a level 4 spell: Summon Blazeheart Golem
  4477 | D:6      | Noticed Maggie
  4483 | D:6      | Killed Maggie
  4484 | D:6      | Reached skill level 5 in Fighting
  4914 | D:6      | Found a blossoming altar of Fedhas.
  4916 | D:6      | Found a bloodstained altar of Trog.
  4916 | D:6      | Found a shimmering altar of Xom.
  4961 | D:6      | Found a glowing silver altar of Zin.
  4966 | D:6      | Found a sacrificial altar of Ru.
  5089 | D:7      | Identified the +4 whip "Eviscerator" {vamp, Will+ Str-3
                  | Dex+2}
  5245 | D:7      | Found a shadowy altar of Dithmenos.
  5273 | D:7      | Reached * piety under Makhleb
  5699 | D:7      | Found an ornate altar of the Wu Jian Council.
  5850 | D:7      | Identified the +0 mace "Djinni's Bane" {freeze, Str+4
                  | Stlth+}
  5902 | D:7      | Identified a scroll of acquirement
  5902 | D:7      | Acquired the orb of Compression {*channel, Harm SInv}
  5930 | D:8      | Noticed a hornet
  5935 | D:8      | Reached XP level 10. HP: 44/72 MP: 0/0
  5958 | D:8      | Noticed Jeremiah
  6109 | D:8      | Killed Jeremiah
  6178 | D:8      | Reached skill level 10 in Spellcasting
  6178 | D:8      | Reached skill level 10 in Conjurations
  6178 | D:8      | Reached skill level 10 in Hexes
  6178 | D:8      | Reached skill level 10 in Summonings
  6178 | D:8      | Reached skill level 10 in Necromancy
  6178 | D:8      | Reached skill level 10 in Translocations
  6178 | D:8      | Reached skill level 10 in Fire Magic
  6178 | D:8      | Reached skill level 10 in Ice Magic
  6178 | D:8      | Reached skill level 10 in Air Magic
  6178 | D:8      | Reached skill level 10 in Earth Magic
  6178 | D:8      | Reached skill level 10 in Alchemy
  6219 | D:8      | Reached skill level 1 in Armour
  6599 | D:8      | Noticed an eight-headed hydra
  6610 | D:8      | Killed an eight-headed hydra
  6801 | D:8      | Found the +1 robe of Vines {NoPotionHeal Regen++++}
  6838 | D:8      | Found a staircase to the Lair.
  7112 | D:9      | Reached skill level 5 in Dodging
  7157 | D:9      | Noticed Harold
  7173 | D:9      | Killed Harold
  7174 | D:9      | Reached skill level 5 in Armour
  7174 | D:9      | Reached XP level 11. HP: 75/79 MP: 0/0
  7174 | D:9      | Learned a level 5 spell: Curse of Agony
  7208 | D:9      | Reached ** piety under Makhleb
  7398 | D:9      | Noticed a boulder beetle
  7412 | D:9      | Killed a boulder beetle
  7845 | D:9      | Noticed Maurice
  7858 | D:9      | Something stole a ring of positive energy
  7867 | D:9      | Killed Maurice
  8326 | Lair:1   | Entered Level 1 of the Lair of Beasts
  8360 | Lair:1   | Reached *** piety under Makhleb
  8662 | Lair:1   | Reached XP level 12. HP: 85/85 MP: 0/0
  9035 | Lair:2   | Noticed Urug
  9044 | Lair:2   | Killed Urug
  9045 | Lair:2   | Reached skill level 10 in Dodging
  9059 | Lair:2   | Noticed Fannar
  9065 | Lair:2   | Noticed a boulder beetle
  9070 | Lair:2   | Killed Fannar
  9089 | Lair:2   | Killed a boulder beetle
  9181 | Lair:2   | Reached **** piety under Makhleb
  9182 | Lair:2   | Reached skill level 10 in Armour
  9184 | Lair:2   | Found a staircase to the Shoals.
  9291 | Lair:2   | Reached XP level 13. HP: 90/90 MP: 0/0
  9291 | Lair:2   | Learned a level 5 spell: Metabolic Englaciation
  9384 | Lair:2   | Found a hole to the Spider Nest.
  9781 | Lair:3   | Noticed Nessos
  9977 | Lair:3   | Killed Nessos
 10152 | Lair:3   | Noticed a dire elephant
 10161 | Lair:3   | Reached ***** piety under Makhleb
 10179 | Lair:3   | Killed a dire elephant
 10180 | Lair:3   | Reached skill level 10 in Fighting
 10418 | Lair:3   | Reached XP level 14. HP: 103/103 MP: 0/0
 10898 | Lair:4   | Found a gate leading to a gauntlet.
 10905 | Gauntlet | Entered a Gauntlet
 10905 | Gauntlet | Found a transporter.
 10905 | Gauntlet | Found a transporter.
 10905 | Gauntlet | Found a runed translucent door.
 10907 | Gauntlet | Found a runed translucent door.
 10909 | Gauntlet | Found a transporter.
 10909 | Gauntlet | Found a transporter.
 10913 | Gauntlet | Found a transporter.
 10913 | Gauntlet | Found a transporter.
 10947 | Gauntlet | Found a transporter.
 10951 | Gauntlet | Found a transporter.
 10962 | Gauntlet | Found a transporter.
 10977 | Gauntlet | Found the amulet of the Four Winds {rN+ Will+++ Clar}
 10979 | Gauntlet | Found a transporter.
 10994 | Gauntlet | Found a transporter.
 10998 | Gauntlet | Found a transporter.
 11160 | Gauntlet | Noticed a minotaur
 11171 | Gauntlet | Killed a minotaur
 11180 | Gauntlet | Identified the ring "Hoiloes" {+Blink rC+}
 11180 | Gauntlet | Identified the ring of the Lily {Will+ Int+6 Slay+3 Stlth+}
 12162 | Lair:4   | Found a viscous altar of Jiyva.
 12454 | Lair:5   | Entered Level 5 of the Lair of Beasts
 12503 | Lair:5   | Reached ****** piety under Makhleb
 12598 | Lair:5   | Reached XP level 15. HP: 107/107 MP: 0/0
 12598 | Lair:5   | Learned a level 6 spell: Bombard
 12814 | Lair:5   | Reached skill level 15 in Spellcasting
 12814 | Lair:5   | Reached skill level 15 in Conjurations
 12814 | Lair:5   | Reached skill level 15 in Hexes
 12814 | Lair:5   | Reached skill level 15 in Summonings
 12814 | Lair:5   | Reached skill level 15 in Necromancy
 12814 | Lair:5   | Reached skill level 15 in Translocations
 12814 | Lair:5   | Reached skill level 15 in Fire Magic
 12814 | Lair:5   | Reached skill level 15 in Ice Magic
 12814 | Lair:5   | Reached skill level 15 in Air Magic
 12814 | Lair:5   | Reached skill level 15 in Earth Magic
 12814 | Lair:5   | Reached skill level 15 in Alchemy
 12929 | Lair:5   | Identified the +5 bardiche "Cajecsig" {venom, Will+ rCorr
                  | Str+3}
 12962 | Lair:5   | Found a runed translucent door.
 12963 | Lair:5   | Found a shimmering altar of Xom.
 12963 | Lair:5   | Noticed Riskot's ghost (journeyman OpAl)
 13442 | D:10     | Entered Level 10 of the Dungeon
 13648 | D:10     | Found a staircase to the Orcish Mines.
 14659 | D:11     | Identified the +1 ring mail "Luulyep" {rF+ rC++ Str+4}
 14832 | Orc:1    | Entered Level 1 of the Orcish Mines
 14832 | Orc:1    | Noticed Erolcha
 14832 | Orc:1    | Noticed Jorgrun
 14835 | Orc:1    | Killed Erolcha
 14889 | Orc:1    | Killed Jorgrun
 15131 | Orc:2    | Entered Level 2 of the Orcish Mines
 15131 | Orc:2    | Found Tasor's Distillery.
 15193 | Orc:2    | Found a staircase to the Elven Halls.
 15229 | Orc:2    | Noticed Rupert
 15238 | Orc:2    | Killed Rupert
 15339 | Orc:2    | Reached XP level 16. HP: 113/113 MP: 0/0
 15390 | Orc:2    | Found Irisi's Assorted Antiques.
 15488 | Orc:2    | Found Rewal's Antique Weapon Shop.
 15526 | Orc:2    | Found Etick's Weapon Shop.
 15526 | Orc:2    | Found Weulapt's Jewellery Boutique.
 15527 | Orc:2    | Found Wunloon's Magic Scroll Boutique.
 15534 | Orc:2    | Found Bouh Ahy's General Store.
 15553 | Orc:2    | Bought the ring "Asmy Naeble" {Wiz Str+4 Int+4} for 968
                  | gold pieces
 15790 | Orc:2    | Found Hycigic's Book Shoppe.
 16002 | D:12     | Found the +5 robe of Misfortune {Harm *Corrode *Slow EV+5}
 16596 | Elf:1    | Entered Level 1 of the Elven Halls
 16991 | Elf:1    | You are sucked into a shaft and drop 1 floor!
 17145 | Elf:1    | Found a runed translucent door.
 17476 | Elf:1    | Paralysed by an air elemental for 1 turns
 17712 | Elf:1    | Identified the amulet "Xogres" {Acrobat Harm rElec rCorr
                  | Int-4}
 17715 | Elf:1    | Identified the +1 robe of Cybru {Fly rC+ rN+++ Int-5}
 17802 | Elf:2    | Reached XP level 17. HP: 96/119 MP: 0/0
 17802 | Elf:2    | Learned a level 6 spell: Dispersal
 17815 | Elf:2    | Found a runed translucent gate.
 17815 | Elf:2    | Found a runed translucent gate.
 17821 | Elf:2    | Found a runed translucent gate.
 18043 | Elf:2    | Found Qehuam's Jewellery Emporium.
 18200 | Elf:2    | Identified the +1 leather armour "Tostroivik" {Fly rN+}
 18303 | Elf:2    | Slain by a +2 trident of venom

Illustrated notes

Levels and vault maps discovered:
D:1:      amcnicky_arrival_choice, layout_basic
D:2:      layout_basic, basic_altar, minmay_tripent
D:3:      layout_rooms, ebering_ecumenical_altar_sacrificial, st_stairs_1,
          corexii_hall_statues_i
D:4:      layout_rooms, serial_demonic, serial_demonic_d, serial_demonic_e,
          serial_demonic_b, serial_demonic_c, minmay_liquid_box, uniq_natasha
D:5:      layout_loops_cross, minmay_temple_entry_grid, uniq_blork_the_orc,
          uniq_pikel, uniq_duvessa, uniq_menkaure
D:6:      layout_cave_pools, minmay_overflow_temple_hex, uniq_maggie
D:7:      layout_rooms, lemuel_round_altar, nzn_wu_jian_contemplation,
          mrwooster_statue_mirror
D:8:      layout_cave_pods, lair_entry_dummy, hellmonk_guarded_unrand_vines,
          uniq_jeremiah
D:9:      layout_grid_maze, uniq_harold, uniq_maurice
D:10:     layout_long_grid, erik_orc_3, chequers_avenue
D:11:     layout_rooms
D:12:     layout_rooms, minmay_misc_feat_more_columns, grunt_ministairs_5
Temple:   nicolae_temple_superstar
Lair:1:   layout_small_grid, chequers_serial_rivers_small_3, grunt_megastairs_3,
          lemuel_fruit_tree
Lair:2:   layout_regular_city, nicolae_shoals_entry_roost,
          spider_nest_entry_rubble, beast_lair_carwin_9, uniq_fannar, uniq_urug
Lair:3:   mu_elephants_graveyard, layout_gridlike, uniq_nessos
Lair:4:   layout_cave_pods, minmay_slime_entry_oklob_enclosed,
          gauntlet_entry_generic, special_room [special_room_bee]
Lair:5:   minmay_lair_end_frog_pond, layout_misc_corridors, ebering_ghost_xom
Orc:1:    layout_caves, uniq_erolcha, uniq_jorgrun
Orc:2:    st_orc_mages, layout_diamond_mine, serial_shops,
          nicolae_shop_tiny_glass, nicolae_shop_dealshenge,
          nicolae_shop_industrial_runoff, nicolae_shop_back_alley_shop,
          roderic_batcave, uniq_rupert
Elf:1:    elf_arrival_001, layout_loops_corners, kennysheep_underground_church,
          nicolae_elf_stone_circles, minivault_13, lemuel_upstairs_altar
Elf:2:    nicolae_elf_blades_splatter_lattice [mumra_blade_entry_dagger],
          layout_geoelf_grid, serial_shops, nicolae_square_shop

Skill      XL: |  1  2  3  4  5  6  7  8  9 10 11 12 13 14 15 16 |
---------------+-------------------------------------------------+-----
Stealth        | 2 |  2.0
Spellcasting   | 4 5 6 8 9 10 11 14 16 18 | 18.6
Conjurations   | 4 5 6 8 9 10 11 14 16 18 | 18.6
Hexes          | 4 5 6 8 9 10 11 14 16 18 | 18.6
Summonings     | 4 5 6 8 9 10 11 14 16 18 | 18.6
Necromancy     | 4 5 6 8 9 10 11 14 16 18 | 18.6
Translocations | 4 5 6 8 9 10 11 14 16 18 | 18.6
Fire Magic     | 4 5 6 8 9 10 11 14 16 18 | 18.6
Ice Magic      | 4 5 6 8 9 10 11 14 16 18 | 18.6
Air Magic      | 4 5 6 8 9 10 11 14 16 18 | 18.6
Earth Magic    | 4 5 6 8 9 10 11 14 16 18 | 18.6
Alchemy        | 4 5 6 8 9 10 11 14 16 18 | 18.6
Fighting       | 1 3 4 6 7 10 | 10.1
Armour         | 5 8 10 | 10.4
Dodging        | 6 9 11 12 | 12.0

Action                     |  1- 3 |  4- 6 |  7- 9 | 10-12 | 13-15 | 16-18 || total
---------------------------+-------+-------+-------+-------+-------+-------++-------
  Melee: Staff             |       |       |       |       |     3 |       ||     3
   Cast: Magic Dart        |    47 |    86 |    67 |    65 |   150 |    39 ||   454
         Searing Ray       |     3 |    10 |    16 |     1 |       |       ||    30
         Iskenderun's Myst |       |     1 |    41 |   171 |   446 |    78 ||   737
         Fulminant Prism   |       |       |     6 |    26 |    15 |     2 ||    49
         Summon Blazeheart |       |       |       |     4 |       |       ||     4
         Metabolic Englaci |       |       |       |       |    17 |       ||    17
         Bombard           |       |       |       |       |    66 |   117 ||   183
    Use: Scroll            |       |       |     9 |       |    15 |     2 ||    26
 Armour: Robe              |     8 |    18 |     9 |    36 |   131 |    62 ||   264
         Steam dragon scal |       |       |     5 |     1 |       |       ||     6
  Dodge: Dodged            |    11 |    11 |    29 |    81 |   118 |    54 ||   304

Table legend: (Time is in decaauts)
 A = Elapsed time spent in this place.
 B = Non-inter-level travel time spent in this place.
 C = Inter-level travel time spent in this place.
 D = Time resting spent in this place.
 E = Time spent auto-exploring this place.
 F = Levels seen in this place.
 G = Mean time per level.
                   A        B        C        D        E       F      G
               +--------+--------+--------+--------+--------+-----+--------+
         Total |  18316 |  17452 |    864 |      0 |  13481 |  23 |  796.3 |
       Dungeon |  10439 |   9826 |    613 |      0 |   8295 |  12 |  869.9 |
        Temple |    138 |    138 |      0 |      0 |     85 |   1 |  138.0 |
          Lair |   4631 |   4455 |    176 |      0 |   3127 |   5 |  926.2 |
  Orcish Mines |    993 |    964 |     29 |      0 |    592 |   2 |  496.5 |
   Elven Halls |   1706 |   1661 |     45 |      0 |   1274 |   2 |  853.0 |
      Gauntlet |    406 |    406 |      0 |      0 |    108 |   1 |  406.0 |
               +--------+--------+--------+--------+--------+-----+--------+

Top non-repeatable levels by time:
     D:5: 1252 daAuts
     D:9: 1231 daAuts
  Lair:4: 1205 daAuts
   Elf:1: 1162 daAuts
     D:8: 1113 daAuts
    D:10: 1083 daAuts
     D:7: 1018 daAuts
  Lair:3: 1017 daAuts
     D:1: 895 daAuts
     D:2: 877 daAuts
  Lair:5: 841 daAuts
  Lair:2: 839 daAuts
  Lair:1: 727 daAuts
   Orc:2: 712 daAuts
     D:4: 684 daAuts
